 Dungeon Crawl Stone Soup version 0.20.1-1-g8b1a95d (webtiles) character file.

17956 jmlagarto the Unseen (level 12, -5/63 HPs)
             Began as a Spriggan Assassin on Sept 6, 2017.
             Was a Believer of Trog.
             Killed from afar by simples's ghost (23 damage)
             ... with a spray of energy
             ... on level 12 of the Dungeon.
             The game lasted 01:24:42 (19446 turns).

jmlagarto the Unseen (Spriggan Assassin)           Turns: 19446, Time: 01:24:43

Health: -5/63      AC:  5    Str: 14    XL:     12   Next: 23%
Magic:  13/13      EV: 28    Int: 16    God:    Trog [**....]
Gold:   1121       SH:  0    Dex: 22    Spells: 11/11 levels left

rFire    . . .     SeeInvis +   l - +6 quick blade
rCold    . . .     Gourm    .   (shield restricted)
rNeg     . . .     Faith    .   G - +1 animal skin (curse)
rPois    .         Spirit   .   (helmet restricted)
rElec    +         Reflect  +   d - +1 cloak
rCorr    .         Harm     .   (gloves unavailable)
MR       ++...                  (boots unavailable)
Stlth    ++++......             q - +4 amulet of reflection
Regen    0.2/turn               s - -2 ring of evasion (curse)
MPRegen  0.2/turn               F - ring "Nuut" {rElec Str+7 Int+3 Stlth+}

@: confused, lethally poisoned (-5 -> -15), drained, very quick
A: unfitting armour, see invisible, herbivore 3, speed 3, slow metabolism 2
a: Berserk, Trog's Hand, Burn Spellbooks, Renounce Religion


You were on level 12 of the Dungeon.
You worshipped Trog.
Trog was pleased with you.
You were full.

You visited 3 branches of the dungeon, and saw 15 of its levels.
You also visited: Ossuary.

You collected 1247 gold pieces.
You spent 126 gold pieces at shops.

Inventory:

Hand Weapons
 c - the +9 hunting sling "Tib Zide" {velocity, MR+ Dex+5}
   (You found it on level 5 of the Dungeon)

   Any stone fired from it inflicts extra damage.
   It affects your dexterity (+5).
   It affects your resistance to hostile enchantments.
 l - a +6 quick blade (weapon)
 C - a +7 blowgun
Missiles
 e - 9 poisoned needles
 D - a curare-tipped needle
 I - 44 sling bullets
 P - 11 stones (quivered)
Armour
 b - a scarf of resistance
 d - a +1 cloak (worn)
 j - a +0 robe of cold resistance
 E - a +0 robe of cold resistance
 G - a cursed +1 animal skin (worn)
Jewellery
 f - an uncursed ring of protection from cold
 o - an uncursed amulet of faith
 q - a +4 amulet of reflection (around neck)
 s - a cursed -2 ring of evasion (left hand)
 v - an uncursed ring of resist corrosion
 x - a +4 ring of strength
 F - the ring "Nuut" (right hand) {rElec Str+7 Int+3 Stlth+}
   (You found it on level 7 of the Dungeon)

   [ring of stealth]

   It affects your strength (+7).
   It affects your intelligence (+3).
   It insulates you from electricity.
   It makes you more stealthy.
 N - an uncursed amulet of harm
Wands
 a - a wand of acid (7/15)
 A - a wand of iceblast (10/15)
 H - a wand of lightning (8/15)
Scrolls
 i - 3 scrolls of blinking
 k - 2 scrolls of magic mapping
 m - 2 scrolls of recharging
 r - a scroll of identify
 t - 4 scrolls of teleportation
 y - 3 scrolls of amnesia
 Q - 2 scrolls of fog
 R - a scroll of enchant armour
Potions
 n - a potion of cancellation
 p - a potion of lignification
 w - a potion of might
 z - 4 potions of haste
 B - 2 potions of magic
 K - a potion of resistance
 L - 4 potions of flight
 M - 2 potions of heal wounds
 O - a potion of berserk rage
 S - a potion of mutation {unknown}
 T - a potion of curing
Miscellaneous
 u - a lamp of fire
Comestibles
 g - 4 bread rations
 h - 6 fruits
 J - 6 royal jellies


   Skills:
 + Level 7.1(7.0) Fighting
 + Level 9.4(9.3) Short Blades
 + Level 8.4(8.3) Throwing
 + Level 11.5(11.4) Dodging
 * Level 17.9(17.7) Stealth


You had 11 spell levels left.
You didn't know any spells.

Dungeon Overview and Level Annotations

Branches:
Dungeon (12/15)            Temple (1/1) D:6            Lair (0/6) D:8
    Orc (2/2) D:9             Elf (0/3) Orc:2

Altars:
Ashenzari
Cheibriados
Dithmenos
Elyvilon
Fedhas
Gozag
Hepliaklqana
Kikubaaqudgha
Makhleb
Nemelex Xobeh
Okawaru
Qazlal
Ru
Sif Muna
Trog
Uskayaw
Vehumet
Xom
Yredelemnul
Zin
The Shining One

Shops:
D:6 *

Annotations:
D:12 simples's ghost, journeyman SpEn


Innate Abilities, Weirdness & Mutations

You are very small and have problems with some larger weapons.
You are too small for most types of armour.
You have supernaturally acute eyesight. (SInv)
You are a herbivore.
You cover ground extremely quickly.
You need consume almost no food.


Message History

You are confused.
You're too confused to move!
You feel sick. Simples's ghost hits you.
You feel sick. Simples's ghost casts a spell at you.
You resist with almost no effort.
You feel sick.
You completely miss simples's ghost.
Simples's ghost is almost destroyed.
Simples's ghost hits you.
You are more poisoned.
You feel sick. Simples's ghost casts a spell at you.
The spray of energy hits you!
You feel sick.
You miss simples's ghost.
Simples's ghost is almost destroyed.
You feel sick. Simples's ghost casts a spell at you.
The spray of energy hits you!
You die...

.(. (.. (.#
##(.##### #
.(.#...# ..#
#.#(@.# ..
....#.(W..##.
..........+..
..#(##....#.#
# #.####.#
##..###.#
#.......#
#.......#
#....[..##


You could see simples's ghost.

Vanquished Creatures
  Erolcha (D:9)
  The ghost of vatarom the Basher, a journeyman DsCK of Xom (D:10)
  3 two-headed ogres
  The ghost of equalderp2856 the Cleaver, a novice MiFi (D:7)
  An unseen horror (D:11)
  An orc knight (Orc:1)
  An ugly thing (D:11)
  A komodo dragon (D:10)
  2 trolls
  A hornet (D:10)
  4 hippogriffs
  Sigmund (D:6)
  A wraith (D:7)
  6 yaks
  3 hogs (D:7)
  A human (D:7)
  Eustachio (D:6)
  Grum (D:11)
  A hungry ghost (D:9)
  2 wargs (Orc:2)
  A swamp drake (D:9)
  A black bear (D:9)
  3 ice beasts
  5 sky beasts
  16 orc warriors
  A phantom (D:10)
  A necrophage (D:7)
  12 ogres
  4 wolves (D:11)
  An eye of draining (D:11)
  A crocodile (D:8)
  3 centaurs
  Blork the orc (D:4)
  2 big kobolds
  5 bullfrogs
  A gnoll sergeant (Orc:1)
  5 scorpions
  3 killer bees (D:10)
  A troll skeleton (D:7)
  13 wights
  3 howler monkeys
  7 crimson imps
  3 bullfrog zombies
  A quasit (D:7)
  2 centaur zombies
  2 jellies
  3 human zombies (D:7)
  8 hounds
  4 bullfrog skeletons
  12 orc priests
  2 iguanas
  12 worker ants
  17 orc wizards
  An ogre skeleton (D:7)
  An ogre zombie (D:7)
  A hound zombie (D:8)
  3 hound skeletons (D:5)
  9 mummies
  A howler monkey zombie (D:5)
  A worker ant zombie (D:7)
  Robin (D:3)
  A howler monkey skeleton (D:9)
  11 adders
  3 gnolls (Orc:1)
  A shadow imp (D:10)
  An ooze (D:7)
  An adder skeleton (D:4)
  6 worms
  4 dart slugs
  58 orcs
  A ball python (D:1)
  12 bats
  4 giant cockroaches
  14 goblins
  11 hobgoblins
  15 jackals
  15 kobolds
  4 quokkas
  A ball python skeleton (D:4)
  6 frilled lizards
  A giant cockroach zombie (D:6)
  3 gnoll zombies (Ossuary)
  2 hobgoblin zombies (Ossuary)
  A leopard gecko skeleton (D:5)
  An orc skeleton (D:7)
  4 orc zombies
  A quokka zombie (D:5)
  7 rats
  A butterfly (D:7)
398 creatures vanquished.

Vanquished Creatures (others)
  A centaur (D:10)
  2 plants (D:8)
3 creatures vanquished.

Grand Total: 401 creatures vanquished

Notes
Turn   | Place    | Note
-------+----------+-------------------------------------------
     0 | D:1      | jmlagarto the Spriggan Assassin began the quest for the Orb.
     0 | D:1      | Reached XP level 1. HP: 10/10 MP: 2/2
    76 | D:1      | Reached skill level 6 in Stealth
    93 | D:1      | Reached XP level 2. HP: 14/15 MP: 3/3
   295 | D:1      | Reached XP level 3. HP: 10/18 MP: 4/4
  1248 | D:2      | Found a glowing silver altar of Zin.
  1472 | D:2      | Reached skill level 7 in Stealth
  1587 | D:2      | Reached XP level 4. HP: 23/23 MP: 5/5
  1948 | D:3      | Noticed Robin
  2005 | D:3      | Killed Robin
  3130 | D:4      | Noticed Blork the orc
  3159 | D:4      | Killed Blork the orc
  3159 | D:4      | Reached XP level 5. HP: 9/27 MP: 6/6
  3206 | D:4      | Reached skill level 8 in Stealth
  3464 | D:4      | Reached XP level 6. HP: 9/32 MP: 7/7
  4323 | D:5      | Entered Level 5 of the Dungeon
  4353 | D:5      | Reached XP level 7. HP: 18/35 MP: 8/8
  4521 | D:5      | Reached skill level 9 in Stealth
  4711 | D:5      | Reached skill level 5 in Dodging
  4914 | D:5      | Reached skill level 10 in Stealth
  5066 | D:5      | Reached XP level 8. HP: 36/40 MP: 9/9
  5467 | D:5      | Got a dazzling hunting sling
  5468 | D:5      | Identified the +9 hunting sling "Tib Zide" {velocity, MR+ Dex+5} (You found it on level 5 of the Dungeon)
  6075 | D:5      | Reached skill level 5 in Short Blades
  6090 | D:5      | Reached skill level 11 in Stealth
  6558 | D:6      | Noticed Eustachio
  6566 | D:6      | Killed Eustachio
  6931 | D:6      | Found a staircase to the Ecumenical Temple.
  6937 | D:6      | Noticed Sigmund
  7487 | D:6      | Killed Sigmund
  7692 | D:6      | Reached skill level 5 in Throwing
  7692 | D:6      | Reached XP level 9. HP: 45/45 MP: 10/10
  7830 | D:6      | Found Vilyh's Assorted Antiques.
  7838 | D:6      | Bought a glowing blowgun for 126 gold pieces
  7894 | D:6      | Found a sparkling altar of Nemelex Xobeh.
  7967 | D:7      | Noticed equalderp2856's ghost (novice MiFi)
  8090 | D:7      | Got a smoking granite ring
  8227 | D:7      | Reached skill level 12 in Stealth
  8469 | D:7      | Found an opulent altar of Gozag.
  9332 | D:7      | Found a basalt altar of Yredelemnul.
  9358 | D:7      | Reached skill level 13 in Stealth
  9980 | D:7      | Found a stormy altar of Qazlal.
 10203 | D:7      | Killed equalderp2856's ghost
 10203 | D:7      | Reached skill level 5 in Fighting
 10255 | D:7      | Reached XP level 10. HP: 51/51 MP: 11/11
 10495 | D:7      | Reached skill level 14 in Stealth
 10924 | D:8      | Noticed a two-headed ogre
 10959 | D:7      | Killed a two-headed ogre
 11137 | D:8      | Found a sand-covered staircase.
 11152 | Ossuary  | Entered an ossuary
 11580 | D:8      | Identified the ring "Nuut" {rElec Str+7 Int+3 Stlth+} (You found it on level 7 of the Dungeon)
 11638 | D:8      | Found a stormy altar of Qazlal.
 11672 | D:8      | Reached skill level 15 in Stealth
 12020 | D:8      | Found a staircase to the Lair.
 12033 | D:8      | Identified a scroll of acquirement
 12190 | D:9      | Noticed Erolcha
 12192 | D:9      | Killed Erolcha
 12382 | D:9      | Noticed a two-headed ogre
 12411 | D:9      | Killed a two-headed ogre
 12411 | D:9      | Reached XP level 11. HP: 56/56 MP: 12/12
 12500 | D:9      | Found a staircase to the Orcish Mines.
 12626 | D:9      | Reached skill level 16 in Stealth
 12884 | D:9      | You fall through a shaft for 2 floors!
 12884 | D:11     | Noticed an unseen horror
 12900 | D:11     | Killed an unseen horror
 12900 | D:11     | Reached skill level 10 in Dodging
 12990 | D:10     | Entered Level 10 of the Dungeon
 13465 | D:10     | Noticed vatarom's ghost (journeyman DsCK)
 14027 | Orc:1    | Entered Level 1 of the Orcish Mines
 15133 | Orc:1    | Noticed an orc knight
 15157 | Orc:1    | Killed an orc knight
 15202 | Orc:1    | Reached skill level 17 in Stealth
 15658 | Orc:1    | Found a deep blue altar of Sif Muna.
 16123 | Temple   | Entered the Ecumenical Temple
 16227 | Temple   | Became a worshipper of Trog the Wrathful
 16561 | Orc:2    | Entered Level 2 of the Orcish Mines
 16795 | Orc:2    | Found a staircase to the Elven Halls.
 16849 | Orc:2    | Noticed an orc high priest
 16854 | Orc:2    | Noticed a sun demon
 16986 | Orc:2    | Noticed an orc high priest
 16989 | Orc:2    | Noticed an orc high priest
 18081 | D:10     | Killed vatarom's ghost
 18081 | D:10     | Reached * piety under Trog
 18081 | D:10     | Reached XP level 12. HP: 45/62 MP: 13/13
 18558 | D:11     | Noticed Grum
 18610 | D:11     | Killed Grum
 18661 | D:11     | Noticed a two-headed ogre
 18694 | D:11     | Killed a two-headed ogre
 19022 | D:11     | Found a blossoming altar of Fedhas.
 19416 | D:12     | Noticed simples's ghost (journeyman SpEn)
 19416 | D:12     | Reached ** piety under Trog
 19446 | D:12     | Killed from afar by simples's ghost

Skill      XL: |  1  2  3  4  5  6  7  8  9 10 11 12 |
---------------+-------------------------------------+-----
Stealth        | 6 7 8 10 11 13 15 17 | 17.9
Dodging        | 2 3 4 5 7 8 9 11 | 11.5
Fighting       | 2 3 4 5 6 7 |  7.1
Throwing       | 3 4 5 7 8 |  8.4
Short Blades   | 3 4 5 6 8 9 |  9.4

Action                   |  1- 3 |  4- 6 |  7- 9 | 10-12 || total
-------------------------+-------+-------+-------+-------++-------
Melee: Dagger            |   179 |   221 |   589 |       ||   989
       Quick blade       |       |       |       |   241 ||   241
       Hunting sling     |       |       |       |     1 ||     1
 Fire: Blowgun           |       |    22 |    18 |    15 ||    55
       Hunting sling     |       |       |    73 |   698 ||   771
Throw: Stone             |       |       |    20 |     2 ||    22
Invok: Burn Spellbooks   |       |       |       |     1 ||     1
Evoke: Wand              |       |       |     1 |     1 ||     2
  Use: Potion            |       |     3 |     7 |     4 ||    14
       Scroll            |       |       |     8 |    19 ||    27
 Stab: Sleeping          |    11 |    16 |    20 |     9 ||    56
       Distracted        |       |       |     2 |     1 ||     3
  Eat: Bread ration      |       |     1 |     2 |     1 ||     4
       Fruit             |       |     1 |       |       ||     1
       Royal jelly       |       |       |     1 |       ||     1
Armor: Robe              |    27 |    15 |    30 |     1 ||    73
       Skin              |       |     6 |       |       ||     6
       Animal skin       |       |       |       |     2 ||     2
Dodge: Dodged            |   157 |   152 |   409 |   267 ||   985
Block: Other             |       |       |       |    39 ||    39
       Reflection        |       |       |       |     5 ||     5
